Map: Prion Terraces

Players

TeKniQ - Winner!

  • Race: Protoss Protoss
  • League: Silver

Grumm

  • Race: Protoss Protoss
  • League: Gold

VOD

Have the link to the VOD?

Description

Time

  • Played on: Feb. 8, 2016, 6:42 p.m.
  • Length: 8:22
Show
View Real Time Build Order
Export as new Build Order

TeKniQ Protoss - Winner!

Build Orders:  

Get SALT Encoding   

  12  0:04  Probe (Chrono Boost)  
  13  0:14  Probe (Chrono Boost)  
  13  0:20  Pylon  
  14  0:25  Probe (Chrono Boost)  
  15  0:38  Probe (Chrono Boost)  
  16  0:44  Gateway  
  16  0:48  Assimilator  
  16  0:52  Probe (Chrono Boost)  
  17  1:02  Gateway  
  17  1:03  Probe (Chrono Boost)  
  18  1:13  Probe (Chrono Boost)  
  18  1:16  Assimilator  
  19  1:24  Probe (Chrono Boost)  
  20  1:29  Pylon  
  20  1:36  Cybernetics Core  
  20  1:39  Probe (Chrono Boost)  
  21  1:52  Probe (Chrono Boost)  
  21  2:03  Probe (Chrono Boost)  
  22  2:10  Pylon  
  22  2:12  Adept  
  22  2:13  Adept  
  22  2:14  Warp Gate  
  26  2:21  Mothership Core (Chrono Boost)  
  28  2:39  Probe (Chrono Boost)  
  29  2:49  Probe (Chrono Boost)  
  29  2:50  Adept x2  
  34  3:00  Probe (Chrono Boost)  
  33  4:02  Nexus  
  33  4:05  Pylon  
  33  4:08  Pylon  
  33  4:09  Pylon  
  31  4:41  Probe (Chrono Boost)  
  32  4:48  Gateway  
  32  4:50  Twilight Council, Gateway  
  32  4:51  Stargate, Probe (Chrono Boost)  
  33  4:55  Forge  
  33  5:02  Probe (Chrono Boost)  
  34  5:12  Probe (Chrono Boost)  
  33  5:31  Probe (Chrono Boost)  
  33  5:32  Stalker x2  
  36  5:39  Void Ray  
  36  5:42  Probe (Chrono Boost)  
  41  5:45  Probe (Chrono Boost)  
  41  5:46  Stalker x2  
  46  5:53  Probe (Chrono Boost)  
  46  5:54  Photon Cannon  
  46  5:55  Probe (Chrono Boost)  
  48  6:03  Probe (Chrono Boost)  
  49  6:06  Probe (Chrono Boost)  
  50  6:14  Probe (Chrono Boost)  
  50  6:16  Probe (Chrono Boost)  
  50  6:18  Stalker x2  
  53  6:19  Stalker  
  53  6:22  Stalker  
  59  6:37  Probe (Chrono Boost)  
  59  6:38  Probe (Chrono Boost)  
  61  6:47  Probe (Chrono Boost)  
  61  6:49  Probe (Chrono Boost)  
  61  6:56  Stalker  
  61  6:57  Stalker x2  
  61  6:58  Stalker  
  57  7:51  Stalker  
  57  7:52  Stalker x3  
Show
View Real Time Build Order
Export as new Build Order

Grumm Protoss 

Build Orders: 1 Gate Expand, Forge Fast Expand (FFE) 

Get SALT Encoding   

  12  0:01  Probe (Chrono Boost)  
  13  0:23  Pylon  
  13  0:28  Probe (Chrono Boost)  
  14  0:44  Gateway  
  14  0:46  Forge  
  14  1:17  Nexus  
  14  1:37  Gateway  
  14  1:41  Zealot  
  15  1:48  Probe (Chrono Boost)  
  16  2:01  Cybernetics Core  
  16  2:07  Pylon  
  16  2:19  Photon Cannon  
  18  2:30  Probe x2 (Chrono Boost)  
  18  2:40  Assimilator  
  18  2:55  Probe x2 (Chrono Boost)  
  18  2:57  Assimilator  
  22  3:05  Probe x2 (Chrono Boost)  
  22  3:08  Gateway  
  16  3:30  Stalker  
  18  3:42  Zealot  
  15  4:00  Zealot  
  16  4:24  Probe (Chrono Boost)  
  16  4:27  Warp Gate (Chrono Boost)  
  15  4:33  Probe (Chrono Boost)  
  14  4:42  Stalker  
  14  4:43  Probe  
  17  4:55  Stalker  
  19  5:10  Probe  
  19  5:11  Probe  
  21  5:20  Probe  
  21  5:23  Probe  
  22  5:31  Probe  
  22  5:35  Probe  
  24  5:42  Probe  
  24  5:47  Pylon, Probe  
  26  5:52  Probe  
  27  5:57  Pylon  
  27  5:59  Probe  
  27  6:03  Probe  
  27  6:19  Probe  
  27  6:20  Probe  
  27  6:24  Assimilator  
  29  6:28  Adept  
  29  6:29  Probe  
  29  6:30  Adept  
  29  6:32  Probe  
  35  6:36  Adept  
  35  6:58  Stalker x3  
  41  7:05  Probe  
  41  7:06  Probe  
  36  7:24  Mothership Core  
  36  7:27  Probe  
  36  7:28  Stalker x3  
  27  7:51  Stalker x3  
  26  7:53  Probe  
  31  8:06  Probe  
Tags
 
Add a new tag
Caveats
  • Supply blocks, unpowered buildings, or Contaminate may cause inaccurate times.
  • Supply counts are checked every 10 seconds.